 Dungeon Crawl Stone Soup version 0.23.2 (webtiles) character file.

Game seed: 8362587101651925209

7397 Kairos the Cleaver (level 10, -2/135 HPs)
             Began as a Minotaur Gladiator on Apr 2, 2019.
             Was an Elder of Okawaru.
             Slain by an eight-headed hydra (8 damage)
             ... on level 1 of the Lair of Beasts.
             The game lasted 00:13:48 (9116 turns).

Kairos the Cleaver (Minotaur Gladiator)             Turns: 9116, Time: 00:13:49

Health: -2/135     AC: 19    Str: 28    XL:     10   Next: 92%
Magic:  9/10       EV: 15    Int:  5    God:    Okawaru [****..]
Gold:   444        SH:  0    Dex: 11    Spells: 9/9 levels left

rFire    . . .     SeeInvis .   F - +0 flail
rCold    . . .     Gourm    .   (no shield)
rNeg     . . .     Faith    .   j - +0 plate armour
rPois    .         Spirit   .   c - +0 hat
rElec    .         Reflect  .   l - +1 cloak
rCorr    .         Harm     .   (no gloves)
MR       .....                  (no boots)
Stlth    ..........             x - amulet of rage
HPRegen  0.32/turn              C - +2 ring of evasion
MPRegen  0.12/turn              q - +4 ring of slaying

@: berserking, heroism, very quick
A: retaliatory headbutt, horns 2
a: Heroism, Renounce Religion, Evoke Berserk Rage


You were on level 1 of the Lair of Beasts.
You worshipped Okawaru.
Okawaru was greatly pleased with you.
You were very hungry.

You visited 3 branches of the dungeon, and saw 10 of its levels.

You collected 444 gold pieces.

Inventory:

Hand Weapons
 a - a +1 war axe
 z - a +0 hand axe of venom
 F - a +0 flail (weapon)
Missiles
 d - 4 throwing nets
 p - 8 exploding tomahawks
 s - 11 javelins (quivered)
 H - 4 poisoned javelins
Armour
 c - a +0 hat (worn)
 h - a +1 scale mail
 j - a +0 plate armour (worn)
 l - a +1 cloak (worn)
 r - a +1 cloak
Jewellery
 e - an uncursed ring of poison resistance
 q - a +4 ring of slaying (right hand)
 w - an uncursed ring of fire
 x - an amulet of rage (around neck)
 y - an uncursed ring of flight
 C - a +2 ring of evasion (left hand)
Wands
 v - a wand of flame (12)
 A - a wand of acid (6)
 B - a wand of digging (4)
 E - a wand of paralysis (2)
Scrolls
 i - 3 scrolls of teleportation
 k - 4 scrolls of remove curse
 o - 2 scrolls of fog
 G - a scroll of identify
 I - a scroll of enchant weapon
 K - a scroll of vulnerability {unknown}
 L - a scroll of random uselessness {unknown}
 M - a scroll of amnesia
Potions
 b - a potion of agility
 g - 3 potions of heal wounds
 m - 2 potions of lignification
 n - a potion of brilliance
 t - 2 potions of flight
 u - 2 potions of curing
 D - a potion of ambrosia {unknown}
 J - a potion of haste {unknown}
Comestibles
 f - 18 rations
 N - 5 chunks of flesh


   Skills:
 + Level 8.5(13.5) Fighting
 + Level 12.9(18.1) Axes
 + Level 4.4(14.6) Maces & Flails
 + Level 3.0(8.0) Throwing
 + Level 10.0(15.0) Armour
 + Level 5.4(10.4) Dodging
 + Level 2.5(7.5) Stealth
 + Level 0.4 Invocations
 + Level 1.9 Evocations


You had 9 spell levels left.
You didn't know any spells.
Your spell library contained the following spells:

 Spells                   Type           Power        Failure   Level  Hunger
 Beastly Appendage        Tmut           #.....       97%         1    ##.....
 Corona                   Hex            #......      97%         1    ##.....
 Summon Butterflies       Summ           #.......     97%         1    ##.....
 Summon Small Mammal      Summ           #...         97%         1    ##.....
 Call Imp                 Summ           #.......     99%         2    ###....
 Slow                     Hex            #.......     99%         2    ###....
 Call Canine Familiar     Summ           #.......     100%        3    ####...
 Inner Flame              Hex/Fire       #.......     100%        3    ####...
 Portal Projectile        Hex/Tloc       #.....       100%        3    ####...
 Recall                   Summ/Tloc      N/A          100%        3    ####...
 Summon Guardian Golem    Hex/Summ       #.......     100%        3    ####...
 Cause Fear               Hex            #.........   100%        4    #####..
 Leda's Liquefaction      Hex/Erth       #.........   100%        4    #####..
 Summon Ice Beast         Ice/Summ       #.......     100%        4    #####..
 Summon Lightning Spire   Summ/Air       #.......     100%        4    #####..
 Statue Form              Tmut/Erth      #........    100%        6    #######
 Dragon's Call            Summ           #.........   100%        9    #######


Dungeon Overview and Level Annotations

Branches:
Dungeon (8/15)             Temple (1/1) D:7            Lair (1/6) D:8

Altars:
Ashenzari
Cheibriados
Dithmenos
Elyvilon
Kikubaaqudgha
Makhleb
Okawaru
Qazlal
Ru
Uskayaw
Wu Jian
Zin
The Shining One


Innate Abilities, Weirdness & Mutations

You reflexively headbutt those who attack you in melee.
You have a pair of horns on your head.


Message History

The eight-headed hydra barely misses you.
The eight-headed hydra bites you!
* * * LOW HITPOINT WARNING * * *
The eight-headed hydra misses you.
The eight-headed hydra barely misses you.
The eight-headed hydra bites you but does no damage.
The eight-headed hydra barely misses you.
The eight-headed hydra bites you.
* * * LOW HITPOINT WARNING * * *
The eight-headed hydra bites you but does no damage.
Your plate armour prevents you from hitting the eight-headed hydra.
The eight-headed hydra is heavily wounded.
A yak comes into view.
Unknown command.
You bludgeon the eight-headed hydra!!
The eight-headed hydra is severely wounded.
The eight-headed hydra barely misses you.
You furiously retaliate!
You headbutt the eight-headed hydra! The eight-headed hydra bites you!
You die...

###### ####.#.#.########
#................
#...........Y....
#...##.##DYYY..Y. .
#..#....@#......###.##
#..#...รท.#......##.#.###.
#..#..................#..
#........#............##.
#..#.....#......##....##.
#........#......##....#..
##..#.....+.(..... #.###.
#...#######......####...#.
##........................


You could see an eight-headed hydra and 5 yaks.

Vanquished Creatures
  2 hydras (Lair:1)
  A two-headed ogre (D:8)
  A rime drake (Lair:1)
  A komodo dragon (Lair:1)
  3 hippogriffs
  A yak (Lair:1)
  Sigmund (D:5)
  3 water moccasins
  6 porcupines (Lair:1)
  A sky beast (D:7)
  4 orc warriors
  2 phantoms (D:7)
  2 centaurs (D:7)
  3 ogres
  2 crocodiles (Lair:1)
  A big kobold (D:8)
  3 bullfrogs
  A water moccasin zombie (D:8)
  3 scorpions
  2 crimson imps
  A bullfrog zombie (D:6)
  A jelly (D:7)
  Crazy Yiuf (D:2)
  2 hounds
  4 orc priests
  5 orc wizards
  A bullfrog skeleton (D:4)
  Jessica (D:3)
  2 iguanas
  9 worker ants
  Natasha (thrice) (D:3)
  A hound skeleton (D:4)
  A worker ant zombie (D:6)
  26 gnolls
  15 adders
  6 shadow imps
  An ooze (D:2)
  An adder zombie (D:7)
  An adder skeleton (D:4)
  2 worms
  4 dart slugs
  2 leopard geckos (D:5)
  19 orcs
  6 bats
  14 giant cockroaches
  5 goblins
  9 hobgoblins
  3 jackals
  5 quokkas
  4 ball pythons
  8 frilled lizards
  A jackal zombie (D:8)
  16 kobolds
  A quokka zombie (D:7)
  15 rats
  A fungus (D:2)
240 creatures vanquished.

Notes
Turn   | Place    | Note
-------+----------+-------------------------------------------
     0 | D:1      | Kairos the Minotaur Gladiator began the quest for the Orb.
     0 | D:1      | Reached XP level 1. HP: 18/18 MP: 0/0
    97 | D:1      | Reached skill level 4 in Axes
    97 | D:1      | Reached XP level 2. HP: 19/25 MP: 1/1
   535 | D:2      | Reached XP level 3. HP: 6/30 MP: 2/2
   749 | D:2      | Reached skill level 5 in Axes
   776 | D:2      | Reached XP level 4. HP: 17/37 MP: 3/3
   795 | D:2      | Reached skill level 1 in Armour
  1110 | D:2      | Found a runed translucent door.
  1111 | D:2      | Noticed Crazy Yiuf
  1118 | D:2      | Killed Crazy Yiuf
  1345 | D:3      | Reached XP level 5. HP: 13/45 MP: 4/4
  1639 | D:3      | Noticed Jessica
  1641 | D:3      | Noticed Natasha
  1658 | D:3      | Killed Natasha
  1658 | D:3      | Reached skill level 6 in Axes
  1659 | D:3      | Killed Jessica
  1698 | D:3      | Noticed Natasha
  1699 | D:3      | Killed Natasha
  1799 | D:3      | Reached XP level 6. HP: 36/51 MP: 5/5
  1921 | D:3      | Noticed Natasha
  1930 | D:3      | Killed Natasha
  1987 | D:3      | Reached skill level 7 in Axes
  2569 | D:4      | Reached XP level 7. HP: 53/59 MP: 6/6
  3306 | D:5      | Entered Level 5 of the Dungeon
  3307 | D:5      | Noticed Sigmund
  3321 | D:5      | Killed Sigmund
  3321 | D:5      | Reached skill level 8 in Axes
  3334 | D:5      | Reached skill level 5 in Fighting
  3780 | D:5      | Found a glowing golden altar of the Shining One.
  3841 | D:5      | Reached XP level 8. HP: 52/69 MP: 7/7
  4111 | D:6      | Found a shattered altar of Ashenzari.
  4233 | D:6      | Reached skill level 5 in Armour
  4385 | D:6      | Reached skill level 9 in Axes
  5056 | D:7      | Reached skill level 10 in Axes
  5059 | D:7      | Noticed a hippogriff
  5062 | D:7      | Reached skill level 5 in Dodging
  5644 | D:7      | Identified the Compendium of Supportive Moulding
  5843 | D:7      | Found a staircase to the Ecumenical Temple.
  5878 | D:7      | Reached XP level 9. HP: 15/75 MP: 8/8
  6276 | Temple   | Entered the Ecumenical Temple
  6289 | Temple   | Became a worshipper of Warmaster Okawaru
  6481 | D:8      | Reached skill level 11 in Axes
  6571 | D:8      | Noticed a two-headed ogre
  7028 | D:8      | Found a staircase to the Lair.
  7308 | D:8      | Killed a two-headed ogre
  7308 | D:8      | Reached * piety under Okawaru
  7308 | D:8      | Reached skill level 1 in Stealth
  7308 | D:8      | Reached skill level 1 in Evocations
  7458 | D:8      | Reached ** piety under Okawaru
  7458 | D:8      | Reached skill level 12 in Axes
  7494 | D:8      | Reached XP level 10. HP: 82/86 MP: 9/9
  7909 | Lair:1   | Entered Level 1 of the Lair of Beasts
  7933 | Lair:1   | Noticed an eight-headed hydra
  7943 | Lair:1   | Killed an eight-headed hydra
  7943 | Lair:1   | Reached *** piety under Okawaru
  7953 | Lair:1   | Reached skill level 1 in Maces & Flails
  8736 | Lair:1   | Noticed a four-headed hydra
  8747 | Lair:1   | Killed a four-headed hydra
  8747 | Lair:1   | Received a gift from Okawaru
  9020 | Lair:1   | Reached **** piety under Okawaru
  9023 | Lair:1   | Reached skill level 10 in Armour
  9103 | Lair:1   | Noticed an eight-headed hydra
  9114 | Lair:1   | HP: 6/135 [eight-headed hydra (3)]
  9116 | Lair:1   | Slain by an eight-headed hydra

Skill      XL: |  1  2  3  4  5  6  7  8  9 10 |
---------------+-------------------------------+-----
Axes           | 4 5 6 7 8 10 12 | 12.9
Armour         | 1 2 3 4 6 8 10 | 10.0
Fighting       | 3 4 5 6 7 8 |  8.5
Dodging        | 4 5 |  5.4
Stealth        | 1 2 |  2.5
Evocations     | 1 |  1.9
Maces & Flails | 4 |  4.4
Throwing       | 3 |  3.0
Invocations    | |  0.4

Action                   |  1- 3 |  4- 6 |  7- 9 | 10-12 || total
-------------------------+-------+-------+-------+-------++-------
Melee: War axe           |    75 |   146 |   250 |    14 ||   485
       Headbutt          |     6 |    28 |    55 |    19 ||   108
       Hand axe          |       |       |       |    45 ||    45
       Flail             |       |       |       |    31 ||    31
Throw: Throwing net      |     2 |       |     1 |       ||     3
       Javelin           |       |     6 |     7 |     2 ||    15
Invok: Heroism           |       |       |       |     3 ||     3
 Abil: Evoke Berserk Rag |       |       |       |     1 ||     1
Evoke: Wand              |       |       |     6 |       ||     6
  Use: Scroll            |     2 |     2 |    15 |       ||    19
       Potion            |       |     1 |     1 |       ||     2
 Stab: Paralysed         |       |       |     3 |       ||     3
  Eat: Chunk             |       |     6 |     8 |     5 ||    19
       Ration            |       |       |     2 |       ||     2
Armor: Leather armour    |     2 |       |       |       ||     2
       Ring mail         |    13 |       |       |       ||    13
       Scale mail        |    13 |    72 |    68 |       ||   153
       Plate armour      |       |       |    40 |    80 ||   120
Dodge: Dodged            |    62 |   100 |   197 |    66 ||   425
